Map: Acropolis LE

Players

pHARM

  • Race: Zerg Zerg
  • League: Platinum
  • Spawn Location: 5:00

XDDDDD - Winner!

  • Race: Terran Terran
  • League: Platinum
  • Spawn Location: 11:00

VOD

Have the link to the VOD?

Description

Time

  • Played on: Aug. 6, 2019, 8:54 p.m.
  • Length: 18:26
Show
View Real Time Build Order
Export as new Build Order

pHARM Zerg 

Build Orders: Hatch First 

Get SALT Encoding   

  12  0:01  Drone  
  13  0:12  Drone  
  14  0:19  Overlord  
  14  0:25  Drone, Extractor  
  15  0:38  Drone x2  
  17  0:56  Hatchery  
  16  1:03  Drone x2  
  18  1:18  Spawning Pool  
  17  1:19  Drone x2  
  19  1:32  Drone  
  20  1:44  Extractor  
  19  1:54  Overlord, Drone  
  20  2:08  Queen x2  
  20  2:10  Zergling x4  
  25  2:42  Drone x3  
  25  2:43  Drone x3  
  31  2:53  Lair  
  31  2:54  Queen  
  31  2:57  Drone x2  
  35  3:07  Overlord  
  35  3:08  Drone  
  36  3:28  Drone x8  
  44  3:48  Extractor x2  
  42  3:58  Evolution Chamber  
  41  4:03  Hydralisk Den  
  41  4:06  Baneling Nest  
  39  4:10  Drone x3  
  39  4:11  Drone x2  
  39  4:12  Overlord  
  39  4:13  Overlord  
  44  4:32  Zerg Missile Weapons Level 1  
  44  4:44  Grooved Spines  
  44  4:55  Centrifical Hooks  
  44  5:02  Overseer  
  44  5:04  Overlord x5  
  44  5:21  Zergling x10  
  44  5:22  Zergling x6  
  44  5:23  Metabolic Boost  
  51  6:07  Muscular Augments  
  51  6:10  Zergling x18  
  60  6:11  Hatchery  
  59  6:21  Hatchery, Baneling x10  
  59  6:22  Baneling x6  
  58  6:40  Zergling x2  
  58  6:41  Zergling x10  
  50  7:07  Drone x3  
  50  7:08  Drone x2  
  55  7:16  Drone x3  
  58  7:29  Hatchery  
  57  7:36  Extractor  
  56  7:48  Drone x2  
  56  7:49  Drone x7  
  65  7:51  Queen  
  67  8:14  Drone x9  
  75  8:32  Hydralisk  
  75  8:33  Hydralisk x6  
  89  8:51  Hydralisk  
  89  8:52  Hydralisk x6  
  89  8:55  Extractor x2  
  102  8:58  Spine Crawler  
  102  9:00  Spore Crawler  
  99  9:03  Spine Crawler x2  
  99  9:04  Spore Crawler, Spine Crawler  
  95  9:19  Zergling x2  
  95  9:20  Overlord x2, Zergling x14  
  95  9:21  Overlord x4  
  103  9:31  Baneling x10  
  103  9:32  Baneling x5  
  103  9:54  Drone  
  103  9:55  Drone x6  
  103  9:56  Drone x3  
  111  10:08  Hydralisk  
  111  10:09  Hydralisk x10  
  133  10:36  Zergling x16, Hatchery  
  140  10:56  Overseer x2  
  140  11:00  Overlord x2  
  140  11:07  Zergling x2  
  140  11:08  Zergling x22  
  152  11:14  Baneling  
  152  11:15  Baneling x21  
  152  11:18  Zergling x14  
  153  11:25  Zerg Melee Weapons Level 1  
  101  11:58  Zergling x26  
  101  11:59  Zergling x18  
  101  12:00  Baneling x8  
  101  12:01  Baneling x9  
  123  12:02  Zergling x2  
  107  12:39  Drone x6  
  107  12:40  Drone x4  
  107  12:43  Extractor  
  112  12:57  Hydralisk  
  112  12:58  Hydralisk x8  
  110  13:00  Zergling x22  
  110  13:02  Baneling x18  
  110  13:03  Baneling x4  
  135  13:12  Spine Crawler  
  134  13:13  Spine Crawler  
  134  13:14  Zergling x12, Spine Crawler  
  134  13:15  Zergling x8  
  94  13:43  Baneling x9  
  94  13:44  Hydralisk, Baneling x10  
  94  13:45  Hydralisk x15  
  122  14:00  Zergling x2  
  122  14:01  Zergling x18  
  128  14:26  Infestation Pit  
  128  14:29  Spire  
  81  14:57  Hydralisk x21  
  81  14:58  Hydralisk x2  
  116  15:05  Zergling x10  
  119  15:21  Hive  
  119  15:27  Baneling x8  
  115  15:52  Zergling x2  
  115  15:53  Zergling x32  
  103  16:38  Hatchery  
  98  16:47  Hatchery  
  98  17:05  Greater Spire  
  98  17:08  Zergling x38  
  116  17:18  Zergling x20  
  116  17:19  Zergling x2  
  125  17:33  Baneling x9  
  76  18:23  Hatchery  
Show
View Real Time Build Order
Export as new Build Order

XDDDDD Terran - Winner!

Build Orders: Reaper Expand 

Get SALT Encoding   

  12  0:03  SCV  
  13  0:15  SCV  
  13  0:18  Supply Depot  
  14  0:27  SCV  
  15  0:40  Barracks  
  15  0:43  Refinery, SCV  
  16  0:55  SCV  
  17  1:07  SCV  
  18  1:19  SCV  
  19  1:27  Reaper  
  19  1:31  Orbital Command  
  20  1:40  Command Center  
  20  1:58  SCV  
  20  1:59  Marine  
  22  2:09  Factory  
  22  2:13  Supply Depot  
  22  2:19  Refinery, SCV  
  22  2:22  Barracks Reactor  
  23  2:35  SCV  
  24  2:47  SCV  
  25  2:54  Orbital Command  
  25  2:58  Starport, Supply Depot  
  25  2:59  SCV  
  25  3:01  Factory Tech Lab  
  25  3:02  Barracks  
  25  3:04  Marine  
  25  3:05  Marine  
  28  3:13  SCV  
  29  3:23  Marine, Supply Depot  
  29  3:24  Marine  
  31  3:28  Siege Tank  
  34  3:42  Marine x2  
  34  3:45  Starport Reactor  
  36  3:48  Engineering Bay  
  36  3:50  SCV x2, Supply Depot  
  36  3:53  Barracks Tech Lab  
  38  4:03  SCV x2  
  38  4:07  Marine x2  
  42  4:13  Engineering Bay  
  42  4:15  SCV  
  43  4:18  Terran Infantry Weapons Level 1  
  43  4:23  Stimpack, Marine  
  44  4:25  SCV  
  44  4:28  Medivac  
  47  4:31  SCV  
  48  4:44  SCV x2  
  50  4:48  Marine x3  
  50  4:50  Factory Tech Lab  
  53  4:56  SCV x2  
  53  4:58  Command Center  
  55  5:07  Terran Infantry Armor Level 1  
  55  5:08  SCV  
  55  5:10  Refinery  
  55  5:11  Refinery, Marine  
  55  5:12  Marine x2  
  59  5:17  Medivac  
  59  5:19  SCV  
  59  5:20  SCV  
  63  5:29  Marine x2  
  63  5:30  Marine  
  63  5:31  SCV  
  63  5:32  SCV  
  68  5:43  SCV  
  70  5:50  SCV  
  70  5:55  Supply Depot x2  
  70  6:08  Barracks  
  70  6:09  Siege Tank, SCV  
  70  6:10  Marauder  
  70  6:11  Barracks x2  
  76  6:13  Orbital Command  
  76  6:19  Missile Turret  
  76  6:23  Combat Shield, Armory  
  76  6:25  Marine x2  
  77  6:31  Marine  
  79  6:43  Marine  
  62  6:52  Marine, Marauder  
  61  6:56  Medivac x2  
  61  7:01  Marine, Barracks Tech Lab  
  66  7:02  Barracks Reactor, Supply Depot  
  66  7:03  Barracks Reactor  
  66  7:10  Siege Tank, Marine  
  66  7:11  Orbital Command  
  66  7:14  Marauder  
  72  7:17  Terran Vehicle Weapons Level 1  
  72  7:18  Factory, Marine  
  72  7:21  Terran Infantry Weapons Level 2  
  73  7:31  Marine x2  
  73  7:36  Marine, Marauder  
  78  7:40  SCV x2  
  78  7:41  SCV  
  78  7:44  Marine x4  
  81  7:45  Siege Tank  
  81  7:49  Marine  
  81  7:50  Marauder  
  91  7:56  Marine  
  92  8:04  Factory Tech Lab  
  92  8:06  Barracks  
  92  8:07  Medivac  
  92  8:11  SCV x2  
  92  8:12  SCV  
  97  8:23  SCV x2  
  97  8:24  SCV, Supply Depot  
  97  8:25  Supply Depot  
  100  8:37  Marine  
  100  8:38  Concussive Shells, Marine, Marauder x2  
  100  8:40  Smart Servos  
  106  8:41  Siege Tank  
  106  8:45  Siege Tank, SCV x2  
  114  8:49  Supply Depot  
  114  8:51  Supply Depot  
  114  8:54  SCV  
  115  8:57  Barracks Reactor  
  115  8:58  SCV  
  116  9:07  Marine x3  
  116  9:08  Terran Infantry Armor Level 2  
  119  9:12  Command Center, Supply Depot  
  119  9:26  Marine x3, Marauder x2  
  119  9:28  Siege Tank x2  
  132  9:33  Refinery  
  122  9:58  Refinery, Marine x3, Marauder x2  
  129  10:00  Siege Tank x2, Medivac  
  129  10:01  Marine x2  
  129  10:02  SCV x2  
  133  10:07  Marine x2  
  135  10:17  Marine x2  
  135  10:19  Marauder x2  
  141  10:27  Planetary Fortress  
  141  10:30  Sensor Tower  
  141  10:38  Siege Tank x2  
  141  10:39  SCV x2  
  149  10:43  Marine x5  
  149  10:44  Marine  
  149  10:47  Supply Depot x2  
  155  10:50  Supply Depot  
  155  10:51  Terran Vehicle Weapons Level 2  
  155  10:56  Refinery  
  155  11:03  Terran Infantry Weapons Level 3  
  155  11:04  SCV x2  
  155  11:05  SCV  
  155  11:10  SCV  
  155  11:11  Refinery  
  159  11:15  Marine x3, Marauder x2  
  159  11:16  SCV, Marine x3  
  137  11:55  Marauder x2  
  137  11:56  Siege Tank x2  
  147  12:05  Marine  
  147  12:06  Marine x3  
  131  12:34  Siege Tank x2  
  131  12:35  Marine x4, Marauder x2  
  131  12:36  SCV x2  
  145  13:07  SCV x2  
  145  13:08  Terran Vehicle And Ship Armor Level 1  
  147  13:19  Marine, Marauder  
  151  13:20  Marine x2, Marauder  
  112  13:36  Marine x3  
  112  13:37  Marine  
  112  13:41  Marine x5  
  108  13:45  Siege Tank x2  
  108  13:46  Terran Infantry Armor Level 3  
  118  13:54  Marine x3  
  121  13:59  Marine x2  
  121  14:00  Marine x4  
  127  14:09  Marauder  
  129  14:10  SCV x2  
  129  14:12  Marine x3  
  134  14:17  Siege Tank, Marine x2  
  134  14:19  Medivac x2  
  134  14:21  Command Center  
  143  14:30  Marauder  
  142  14:36  Marine x2  
  128  14:56  Marine x2  
  128  14:58  Marine x4  
  117  15:01  Marine x2, Marauder x2  
  117  15:02  Thor x2, Terran Vehicle Weapons Level 3  
  135  15:14  Marine x2  
  135  15:16  Marine x2  
  139  15:32  Marine x3, Marauder x2  
  139  15:34  Marine  
  147  15:45  Marine  
  147  15:46  Marine x3  
  147  15:48  Planetary Fortress  
  151  15:53  Marauder  
  151  15:54  Marauder  
  140  16:29  Marine x2  
  140  16:32  Marine x2  
  123  16:38  Marine x5  
  129  16:46  Siege Tank x2  
  135  16:48  Barracks  
  135  16:56  Marine x4, Barracks  
  135  16:59  Barracks  
  139  17:02  Barracks  
  139  17:05  Marine x2  
  138  17:18  Siege Tank  
  141  17:34  Marine x5  
  146  17:40  Refinery  
  146  17:41  Barracks Reactor, Refinery  
  146  17:43  Marine x2, Supply Depot  
  148  17:49  Barracks Reactor x2  
  137  18:15  Barracks Reactor  
Tags
 
Add a new tag
Caveats
  • Supply blocks, unpowered buildings, or Contaminate may cause inaccurate times.
  • Supply counts are checked every 10 seconds.